 Dungeon Crawl Stone Soup version 0.31-a0-174-g85c54bcb58 (webtiles) character file.

Game seed: 14572342702269653013

165 qw the Chopper (level 5, -1/32 HPs)
             Began as a Gargoyle Fighter on June 15, 2023.
             Slain by Natasha (4 damage)
             ... on level 2 of the Dungeon.
             The game lasted 00:01:28 (2152 turns).

qw the Chopper (Gargoyle Fighter)                   Turns: 2152, Time: 00:01:28

Health: -1/32      AC: 10    Str: 21    XL:     5   Next: 46%
Magic:  5/5        EV:  9    Int:  9    God:
Gold:   119        SH:  4    Dex:  9    Spells: 4/4 levels left

rFire   . . .        Y - +0 war axe
rCold   . . .        c - +0 buckler
rNeg    + . .        b - +0 scale mail
rPois   inf          (no helmet)
rElec   +            (no cloak)
rCorr   .            (no gloves)
SInv    .            (no boots)
Will    .....        (no amulet) Stlth
                     (no ring)
HPRegen 0.25/turn    (no ring)
MPRegen 0.09/turn

%: no passive effects
@: no status effects
A: sickness immunity, AC +4, negative energy resistance 1, electricity
resistance, torment resistance 1, petrification resistance
a: no special abilities


You were on level 2 of the Dungeon.
You visited 1 branch of the dungeon, and saw 2 of its levels.

You collected 119 gold pieces.


Innate Abilities, Weirdness & Mutations

You are immune to sickness and miasma.
Your stone body is resilient. (AC +4)
You are immune to poison.
You resist negative energy. (rN+)
You are resistant to electric shocks. (rElec)
You are resistant to unholy torment.
You are immune to petrification.


   Skills:
 + Level 3.2 Fighting
 - Level 5.0 Axes
 - Level 3.2 Armour
 - Level 3.2 Shields


You had 4 spell levels left.
You didn't know any spells.
Your spell library was empty.

Inventory:

Hand Weapons
 f - a +0 flail
 Y - a +0 war axe (weapon)
Armour
 b - a +0 scale mail (worn)
 c - a +0 buckler (worn)
Scrolls
 e - a scroll of enchant weapon {unknown}
Potions
 a - a potion of attraction {unknown}
 d - a potion of might
 g - a potion of cancellation
 h - a potion of degeneration {unknown}
 i - a potion of haste {unknown}
 j - a potion of heal wounds {unknown}

Dungeon Overview and Level Annotations

Branches:
Dungeon (2/15)

Altars:

Annotations:
D:2 1 runed translucent door, exclusion: 3 hobgoblins, Crazy Yiuf, Natasha


Message History

Something claws you but does no damage.
You slash something!
You hear a zap.
A puff of flame appears from out of thin air!
The puff of flame hits you. Something claws you.
You miss something.
You hear a zap.
A puff of flame appears from out of thin air!
You block the puff of flame.
You completely miss something. Something claws you but does no damage.
You miss something.
You hear a zap.
A puff of flame appears from out of thin air!
The puff of flame hits you but does no damage.
The now-empty wand crumbles to dust.
You miss something. Something claws you. x2
You closely miss something. Something claws you but does no damage.
You miss something. Something claws you but does no damage.
You barely miss something.
You hear some strange, mumbled words.
You miss something.
Something claws you but does no damage. x2
You miss something.
The cerulean imp hits you from afar with a +0 spear.
Something claws you but does no damage.
You barely miss something. The cerulean imp barely misses you.
Something claws you. The cerulean imp barely misses you.
You closely miss something. Something claws you but does no damage.
The cerulean imp closely misses you. Something claws you.
You closely miss something. The cerulean imp barely misses you.
Something claws you!
You barely miss something. The cerulean imp barely misses you.
Something claws you.
You die...

####...#### #....#.....#
#.........# #....#.....#
####....#.# ###....#.....######
###....#.# #.................#
#......#.####.#....#.....####.#
#.#........##...#.##..........#
#.#.#.#....###.......###......#
#........#%...........hh......)
###........#####@#########......#
....#...#..##...{...# #......#
%####......#....5...# #......# .#
#...##.#........# ######.# ##
##..##.#.....##.# #.# #
##....#.....##.# #.#
######.....#####.##.###### #.#
..#..#..#....<##.##.#....# #..
..#..#.....##.##.##.#....# ###


You could see a cerulean imp (summoned).

Vanquished Creatures
  Natasha (twice) (D:2)
  A gnoll (D:1)
  6 adders (D:2)
  A dart slug (D:1)
  6 ball pythons
  4 endoplasms (D:1)
  A giant cockroach (D:2)
  3 hobgoblins
  A quokka (D:1)
  8 bats
  7 frilled lizards
  6 goblins
  5 kobolds
  2 rats
53 creatures vanquished.

Notes
Turn   | Place    | Note
-------+----------+-------------------------------------------
     0 | D:1      | qw the Gargoyle Fighter began the quest for the Orb.
     0 | D:1      | Reached XP level 1. HP: 14/14 MP: 1/1
     0 | D:1      | 0 ||| qw: Version: 0.2-a-29-g511e9b1
     0 | D:1      | 0 ||| qw: Game counter: 5170
     0 | D:1      | 0 ||| qw: Always use a shield: true
     0 | D:1      | 0 ||| qw: God list: Okawaru
     0 | D:1      | 0 ||| qw: Allow faded altars: false
     0 | D:1      | 0 ||| qw: Do Orc after D:15 true
     0 | D:1      | 0 ||| qw: Do second Lair branch before Depths: true
     0 | D:1      | 0 ||| qw: Lair rune preference: random
     0 | D:1      | 0 ||| qw: Plans: Normal, Zot:1-4, Slime:5, God:TSO, Crypt,
                  | Tomb, Abyss, Pan, Hells, Win
     0 | D:1      | 0 ||| PLANNING D:1-11
    77 | D:1      | Reached skill level 2 in Axes
   158 | D:1      | Reached XP level 2. HP: 19/19 MP: 2/2
   413 | D:1      | Reached skill level 3 in Axes
   515 | D:1      | Reached XP level 3. HP: 22/23 MP: 3/3
   950 | D:1      | 950 ||| READING scroll labelled XYUHUA YMNA.
   953 | D:1      | 953 ||| DRINKING 2 pink potions.
  1005 | D:2      | 1005 ||| Stepping ~*~*~tactically~*~*~ (stealth).
  1006 | D:2      | 1006 ||| Stepping ~*~*~tactically~*~*~ (stealth).
  1109 | D:2      | 1109 ||| DROPPING +0 club.
  1188 | D:2      | Found a faded altar of an unknown god.
  1248 | D:2      | Reached XP level 4. HP: 25/28 MP: 4/4
  1305 | D:2      | Reached skill level 4 in Axes
  1366 | D:2      | 1366 ||| DROPPING +0 whip.
  1444 | D:2      | 1444 ||| DROPPING +0 hammer of protection.
  1447 | D:2      | 1447 ||| DROPPING +1 heavy hammer.
  1451 | D:2      | 1451 ||| DROPPING +1 hammer of protection.
  1454 | D:2      | Found a runed translucent door.
  1455 | D:2      | Noticed Crazy Yiuf
  1665 | D:2      | Noticed Natasha
  1673 | D:2      | HP: 4/28 [Natasha (5)]
  1674 | D:2      | 1674 ||| READING scroll of teleportation.
  1811 | D:2      | 1811 ||| Stepping ~*~*~tactically~*~*~ (stealth).
  1813 | D:2      | 1813 ||| Stepping ~*~*~tactically~*~*~ (hiding).
  1820 | D:2      | Killed Natasha
  1821 | D:2      | Reached XP level 5. HP: 23/32 MP: 5/5
  1855 | D:2      | 1855 ||| READING scroll labelled UNUGAIGIDIM.
  2025 | D:2      | Noticed Natasha
  2027 | D:2      | 2027 ||| FLEEEEING.
  2028 | D:2      | 2028 ||| FLEEEEING.
  2029 | D:2      | 2029 ||| FLEEEEING.
  2030 | D:2      | 2030 ||| FLEEEEING.
  2031 | D:2      | 2031 ||| FLEEEEING.
  2032 | D:2      | 2032 ||| FLEEEEING.
  2033 | D:2      | 2033 ||| FLEEEEING.
  2034 | D:2      | 2034 ||| FLEEEEING.
  2036 | D:2      | 2036 ||| FLEEEEING.
  2037 | D:2      | 2037 ||| FLEEEEING.
  2038 | D:2      | 2038 ||| FLEEEEING.
  2039 | D:2      | 2039 ||| FLEEEEING.
  2040 | D:2      | 2040 ||| FLEEEEING.
  2041 | D:2      | 2041 ||| FLEEEEING.
  2042 | D:2      | 2042 ||| Stepping ~*~*~tactically~*~*~ (hiding).
  2052 | D:2      | Killed Natasha
  2053 | D:2      | Reached skill level 5 in Axes
  2132 | D:2      | Noticed Natasha
  2151 | D:2      | HP: 3/32 [something (7)]
  2152 | D:2      | Slain by Natasha

Levels and vault maps discovered:
D:1:      minmay_arrival_stair_chambers, layout_loops_corners
D:2:      layout_basic, nicolae_ecumenical_oubliette, minmay_snake_closets,
          uniq_natasha, uniq_crazy_yiuf_cottage

Skill      XL: |  1  2  3  4  5 |
---------------+----------------+-----
Axes           | 2 3 4 5 |  5.0
Fighting       | |  3.2
Armour         | |  3.2
Shields        | |  3.2

Action                     |  1- 3 |  4- 6 || total
---------------------------+-------+-------++-------
  Melee: War axe           |   119 |   119 ||   238
    Use: Scroll            |     1 |     2 ||     3
         Potion            |     1 |       ||     1
 Armour: Scale mail        |    52 |    74 ||   126
  Dodge: Dodged            |    46 |    64 ||   110
  Block: Buckler           |    20 |    19 ||    39

Table legend:
 A = Non-vault XP
 B = Vault XP
 C = Vault XP percentage of total XP
 D = Non-vault monster count
 E = Vault monster count
 F = Vault count percentage of total count
                 A         B        C        D         E       F
            +---------+---------+-------+---------+---------+-------
      Total |     142 |      95 |  40.1 |      44 |       9 |  17.0
            +---------+---------+-------+---------+---------+-------
        D:1 |      61 |       0 |   0.0 |      29 |       0 |   0.0
        D:2 |      81 |      95 |  54.0 |      15 |       9 |  37.5
            +---------+---------+-------+---------+---------+-------
